 Dungeon Crawl Stone Soup version 0.17-a0-2220-g6fea741 (webtiles) character file.

17890 Sixotanaka the Severer (level 12, -3/64 HPs)
             Began as a Kobold Berserker on Oct 26, 2015.
             Was an Elder of Trog.
             Slain by a polar bear (9 damage)
             ... in an ice cave on Oct 28, 2015.
             The game lasted 00:40:37 (15904 turns).

Sixotanaka the Severer (Kobold Berserker)          Turns: 15904, Time: 00:40:37

Health: -3/64      AC: 13    Str: 17    XL:     12   Next: 88%
Magic:  12/12      EV:  8    Int:  5    God:    Trog [****..]
Gold:   586        SH:  0    Dex: 19    Spells: 0 memorised, 11 levels left

rFire  . . .     SeeInvis +     a - +4 broad axe
rCold  + . .     Clarity  .     y - +0 plate armour
rNeg   . . .     SustAt   .     (shield restricted)
rPois  .         Gourm    .     s - +0 helmet
rElec  .         Spirit   .     K - +0 cloak
rCorr  .         Warding  .     (no gloves)
rMut   .         Stasis   .     (no boots)
MR     .....                    (no amulet)
Stlth  ..........               C - ring of protection from cold
                                L - ring of see invisible

@: not resistant to hostile enchantments, extremely unstealthy
A: carnivore 3
a: Berserk, Trog's Hand, Brothers in Arms, Burn Spellbooks, Renounce Religion


You were in an ice cave.
You worshipped Trog.
Trog was greatly pleased with you.
You were very full.

You visited 2 branches of the dungeon, and saw 10 of its levels.
You also visited: Ossuary and Ice Cave.

You collected 586 gold pieces.


Innate Abilities, Weirdness & Mutations

You are small and have problems with some larger weapons.
You are carnivorous and can eat meat at any time.


   Skills:
 - Level 3.5 Fighting
 + Level 17.2 Axes
 - Level 3.0 Armour
 - Level 2.9 Dodging


You had 11 spell levels left.
You didn't know any spells.

Dungeon Overview and Level Annotations

Branches:
Dungeon (8/15)             Temple (0/1) D:4            Lair (2/8) D:8

Altars:
Ashenzari
Cheibriados
Dithmenos
Fedhas
Gozag
Kikubaaqudgha
Makhleb
Nemelex Xobeh
Okawaru
Qazlal
Sif Muna
Trog
Vehumet
Yredelemnul
The Shining One

Shops:
D:7 [

Annotations:
D:2 1 runed door

Inventory:

Hand Weapons
 a - a +4 broad axe (weapon)
Missiles
 g - 22 poisoned needles
 x - 7 needles of slowing
 T - 3 needles of sleeping
Armour
 m - a +0 shield
 s - a +0 helmet (worn)
 t - a +0 buckler
 y - a +0 plate armour (worn)
 K - a +0 cloak (worn)
Rods
 b - a +1 rod of inaccuracy (14/14) {!a}
   (You found it on level 5 of the Dungeon)
Jewellery
 r - an uncursed ring of flight
 C - a ring of protection from cold (right hand)
 L - a ring of see invisible (left hand)
 R - a +5 ring of intelligence
 S - a +4 ring of evasion {unknown}
Wands
 u - a wand of fire (5)
 B - a wand of teleportation (7) {@v4}
 E - a wand of polymorph (12)
 M - a wand of paralysis (9)
Scrolls
 j - 4 scrolls of remove curse {unknown}
 k - a scroll of recharging {unknown}
 l - a scroll of identify {@r1}
 n - 6 scrolls of fog
 o - 4 scrolls of enchant weapon
 q - 3 scrolls of magic mapping
 v - 3 scrolls of teleportation {@r4}
 D - 2 scrolls of fear {unknown}
 F - 3 scrolls of immolation {!r}
 G - a scroll of torment {unknown}
 H - 4 scrolls of enchant armour {unknown}
Potions
 d - 2 potions of curing {@q1}
 e - 2 potions of brilliance
 f - a potion of haste {unknown}
 i - 3 potions of ambrosia {unknown}
 p - 3 potions of lignification {!q}
 w - 3 potions of flight {unknown}
 z - a potion of might {unknown}
 I - a potion of agility {unknown}
 J - a potion of invisibility {unknown}
 N - 2 potions of poison {unknown}
Comestibles
 c - 4 meat rations
 h - 3 beef jerkies
 O - 8 slices of pizza
 P - a royal jelly
 Q - 6 chunks of flesh

#### ### ##..##
##..##....##
##..........#
#....%..∩.∩.#
#....##.......#
##. ###.Oh@##
##..## ####


You could see a polar bear (berserk) and a friendly two-headed ogre (berserk).


Message History

You barely miss the wolf.
Your plate armour prevents you from hitting the polar bear.
The wolf barely misses you.
The polar bear bites you but does no damage.
The polar bear barely misses you.
The polar bear claws you but does no damage.
The wolf closely misses you.
You barely miss the wolf.
You hit the polar bear but do no damage.
The wolf barely misses you. The polar bear barely misses you.
The polar bear claws you but does no damage. x2
The wolf barely misses you.
Your plate armour prevents you from hitting the wolf.
You closely miss the polar bear. The wolf bites you.
The polar bear barely misses you.
The polar bear claws you but does no damage. x2
The wolf bites you but does no damage. The polar bear bites you.
* * * LOW HITPOINT WARNING * * *
The polar bear claws you but does no damage. x2
You hit the wolf. You slash the polar bear!
You feel yourself speed up. The wolf bites you!
* * * LOW HITPOINT WARNING * * *
The polar bear bites you but does no damage.
The polar bear claws you.
* * * LOW HITPOINT WARNING * * *
The polar bear claws you.
* * * LOW HITPOINT WARNING * * *
The wolf barely misses you.
You miss the wolf.
You hit the polar bear but do no damage.
You feel the effects of Trog's Hand fading.
The wolf bites you.
* * * LOW HITPOINT WARNING * * *
You slash the wolf!
You kill the wolf!
Trog accepts your kill.
You hit the polar bear.
The polar bear bites you but does no damage.
The polar bear claws you but does no damage. x2
Your plate armour prevents you from hitting the polar bear.
The polar bear bites you!
* * * LOW HITPOINT WARNING * * *
The polar bear misses you.
The polar bear claws you but does no damage.
Your plate armour prevents you from hitting the polar bear.
The polar bear bites you.
* * * LOW HITPOINT WARNING * * *
The polar bear closely misses you.
The polar bear claws you but does no damage.
Drink which item? (? for menu, Esc to quit)
You feel better.
The polar bear bites you but does no damage.
The polar bear claws you but does no damage. x2
Your skin stops crawling.
You feel less resistant to hostile enchantments.
You hit the polar bear.
You hit the polar bear but do no damage.
The polar bear bites you.
* * * LOW HITPOINT WARNING * * *
The polar bear claws you but does no damage.
The polar bear claws you.
* * * LOW HITPOINT WARNING * * *
The polar bear goes berserk!
Your two-headed ogre goes berserk!
You feel somewhat less full.
You feel less exhausted.
You hear a bellow!
The polar bear bites you!
You die...

Action                   |  1- 3 |  4- 6 |  7- 9 | 10-12 || total
-------------------------+-------+-------+-------+-------++-------
Melee: Hand axe          |   113 |   248 |   651 |   118 ||  1130
       Broad axe         |       |       |       |   705 ||   705
Invok: Trog's Hand       |     1 |     2 |     7 |    17 ||    27
       Berserk           |     1 |       |     5 |    15 ||    21
       Burn Spellbooks   |       |     1 |       |       ||     1
       Brothers in Arms  |       |       |       |     1 ||     1
Evoke: Rod               |       |       |     4 |    11 ||    15
  Use: Scroll            |     1 |       |     7 |     4 ||    12
       Potion            |       |       |       |     8 ||     8
 Stab: Sleeping          |     2 |       |       |       ||     2
  Eat: Chunk             |    10 |     7 |    20 |    48 ||    85
       Pizza             |       |       |     1 |     1 ||     2
       Beef jerky        |       |       |       |     2 ||     2

Vault maps used:
D:1:      dpeg_arrival_rhombus
D:2:      vehumet_crystals, ashenzari_altar_1, first_bread,
          dk_yredelemnul_ordeal
D:3:      overflow_temple_1_default, cheibriados_altar_1, lightli_temple_of_fire
D:4:      minmay_temple_entry_statues_fountains
D:5:      gammafunk_temple_overflow_pools
D:6:      nicolae_overflow_crystal_walls, lemuel_crystal_altar, tgw_trog,
          uniq_sigmund, uniq_eustachio
D:7:      grunt_temple_overflow_cloverleaf, nicolae_ossuary_entry_giza,
          serial_shops, nicolae_shop_stone, grunt_livestock,
          uniq_crazy_yiuf_cottage, uniq_pikel
D:8:      lair_0_dummy, grunt_tough_drop, uniq_psyche, uniq_erica, uniq_grum,
          uniq_joseph
Lair:1:   lemuel_reptile_caves, st_stairs_4, serial_bayou_ford_a
Lair:2:   portal_ice_cave_entry_pillars_02
Ossuary:  ossuary_minmay_four_chambers
IceCv:    ice_cave_small_giant

Notes
Turn   | Place    | Note
--------------------------------------------------------------
     0 | D:1      | Sixotanaka the Kobold Berserker began the quest for the Orb.
     0 | D:1      | Reached XP level 1. HP: 14/14 MP: 1/1
    81 | D:1      | Reached XP level 2. HP: 10/19 MP: 2/2
   159 | D:1      | Reached skill level 3 in Axes
   701 | D:1      | Reached XP level 3. HP: 13/23 MP: 3/3
   921 | D:2      | Reached ** piety under Trog
   945 | D:2      | Found a shattered altar of Ashenzari.
  1161 | D:2      | Found a runed door.
  1161 | D:2      | Noticed a human
  1188 | D:2      | Found a basalt altar of Yredelemnul.
  1239 | D:2      | Reached XP level 4. HP: 18/28 MP: 4/4
  1317 | D:2      | HP: 6/28 [worm (6)]
  1390 | D:2      | Found a radiant altar of Vehumet.
  1719 | D:2      | Reached skill level 4 in Axes
  2016 | D:3      | Found a snail-covered altar of Cheibriados.
  2194 | D:3      | Upgraded the game from 0.17-a0-2206-g471501c to 0.17-a0-2220-g6fea741
  2299 | D:3      | Reached XP level 5. HP: 14/32 MP: 5/5
  2653 | D:3      | Found a burning altar of Makhleb.
  2713 | D:3      | Reached *** piety under Trog
  2780 | D:3      | Reached skill level 5 in Axes
  2782 | D:3      | Found an iron altar of Okawaru.
  2990 | D:3      | Reached XP level 6. HP: 25/37 MP: 6/6
  3330 | D:4      | Found a staircase to the Ecumenical Temple.
  3686 | D:4      | Received a gift from Trog
  4051 | D:4      | Reached skill level 6 in Axes
  4175 | D:4      | Reached skill level 2 in Armour
  4180 | D:4      | Reached XP level 7. HP: 33/41 MP: 7/7
  4703 | D:5      | Entered Level 5 of the Dungeon
  4755 | D:5      | Reached skill level 3 in Armour
  4834 | D:5      | Got a distressingly furry ring mail
  4845 | D:5      | Identified the +1 ring mail "Mimm" {+Inv} (You found it on level 5 of the Dungeon)
  4904 | D:5      | Identified a +1 rod of inaccuracy (14/14) (You found it on level 5 of the Dungeon)
  4920 | D:5      | Reached skill level 7 in Axes
  5179 | D:5      | Reached XP level 8. HP: 46/46 MP: 8/8
  5641 | D:5      | Found a deep blue altar of Sif Muna.
  5641 | D:5      | Found a stormy altar of Qazlal.
  5711 | D:6      | Noticed Sigmund
  5732 | D:6      | Reached skill level 8 in Axes
  5739 | D:6      | Killed Sigmund
  6020 | D:6      | Reached skill level 9 in Axes
  6116 | D:6      | Noticed Eustachio
  6138 | D:6      | Reached XP level 9. HP: 16/51 MP: 9/9
  6158 | D:6      | Killed Eustachio
  6215 | D:6      | Reached skill level 10 in Axes
  6337 | D:6      | Found a sparkling altar of Nemelex Xobeh.
  6481 | D:6      | Reached **** piety under Trog
  6805 | D:6      | Noticed a moth of wrath
  6861 | D:6      | Found a bloodstained altar of Trog.
  6891 | D:6      | Found an ancient bone altar of Kikubaaqudgha.
  6931 | D:6      | HP: 13/76 [orc warrior/short sword (15)]
  7365 | D:7      | Found a sand-covered staircase.
  7377 | Ossuary  | Entered an ossuary
  7572 | Ossuary  | Reached skill level 11 in Axes
  7808 | D:7      | Noticed Crazy Yiuf
  7819 | D:7      | Killed Crazy Yiuf
  7977 | D:7      | Reached XP level 10. HP: 54/56 MP: 10/10
  8073 | D:7      | Found a shadowy altar of Dithmenos.
  8084 | D:7      | Found a glowing golden altar of the Shining One.
  8093 | D:7      | HP: 7/56 [two-headed ogre/giant club (15)]
  8435 | D:7      | HP: 14/56 [poisoned by a water moccasin]
  8441 | D:7      | HP: 10/56 [poisoned by a water moccasin]
  8446 | D:7      | HP: 8/56 [poisoned by a water moccasin]
  8451 | D:7      | HP: 7/56 [poisoned by a water moccasin]
  8458 | D:7      | HP: 6/56 [poisoned by a water moccasin]
  8466 | D:7      | HP: 6/56 [poisoned by a water moccasin]
  8788 | D:7      | Reached skill level 12 in Axes
  8834 | D:7      | Found an opulent altar of Gozag.
  8834 | D:7      | Found a blossoming altar of Fedhas.
  9097 | D:7      | HP: 14/56 [wight/trident (6)]
  9103 | D:7      | HP: 13/56 [poisoned by a wight]
  9111 | D:7      | HP: 12/56 [poisoned by a wight]
  9121 | D:7      | HP: 5/56 [wight/great sword (8)]
  9540 | D:7      | Found Plog's Armour Boutique.
  9663 | D:7      | HP: 4/56 [yak (11)]
  9678 | D:7      | HP: 13/84 [yak (3)]
  9691 | D:7      | Reached skill level 13 in Axes
  9705 | D:7      | HP: 20/84 [wight/trident (3)]
 10373 | D:7      | Noticed Pikel
 10407 | D:7      | Killed Pikel
 10483 | D:8      | Reached XP level 11. HP: 47/60 MP: 11/11
 10551 | D:8      | Noticed Erica
 10553 | D:8      | Noticed Grum
 10560 | D:8      | HP: 12/60 [Grum/halberd (4)]
 10629 | D:8      | Killed Erica
 10629 | D:8      | Reached skill level 14 in Axes
 10769 | D:8      | Killed Grum
 11013 | D:8      | Found a staircase to the Lair.
 11422 | D:8      | Noticed Joseph
 11439 | D:8      | Killed Joseph
 11597 | D:8      | Noticed Psyche
 11606 | D:8      | Killed Psyche
 11903 | Lair:1   | Entered Level 1 of the Lair of Beasts
 12324 | Lair:1   | Reached skill level 15 in Axes
 12795 | Lair:1   | HP: 20/90 [blink frog (7)]
 12797 | Lair:1   | Reached XP level 12. HP: 22/64 MP: 12/12
 12895 | Lair:1   | HP: 18/96 [blink frog (9)]
 13659 | Lair:1   | Reached skill level 16 in Axes
 13778 | Lair:1   | HP: 13/64 [water moccasin (6)]
 13784 | Lair:1   | HP: 14/96 [poisoned by a water moccasin]
 13789 | Lair:1   | HP: 8/64 [poisoned by a water moccasin]
 13912 | Lair:1   | Noticed a seven-headed hydra
 13957 | Lair:1   | Killed a seven-headed hydra
 15619 | Lair:1   | Reached ***** piety under Trog
 15621 | Lair:1   | Reached skill level 17 in Axes
 15834 | Lair:2   | Found a frozen archway.
 15853 | IceCv    | Entered an ice cave
 15862 | IceCv    | Received a gift from Trog
 15886 | IceCv    | HP: 15/64 [polar bear (10)]
 15895 | IceCv    | HP: 8/64 [polar bear (13)]
 15901 | IceCv    | HP: 6/64 [polar bear (5)]
 15904 | IceCv    | Slain by a polar bear

Vanquished Creatures
  A hydra (Lair:1)
  Erica (D:8)
  Pikel (D:7)
  A black mamba (Lair:1)
  Joseph (D:8)
  Psyche (D:8)
  2 spiny frogs (Lair:1)
  3 komodo dragons (Lair:1)
  A polar bear (IceCv)
  A two-headed ogre (D:7)
  13 blink frogs (Lair:1)
  13 yaks
  A human (D:7)
  Sigmund (D:6)
  Eustachio (D:6)
  A basilisk (Lair:1)
  Grum (D:8)
  A hungry ghost (D:7)
  6 wolves
  2 ice beasts
  An orc warrior (D:6)
  3 black bears
  A wasp (D:8)
  22 water moccasins
  3 porcupines (Lair:1)
  2 phantoms
  2 slaves (D:7)
  2 ogres
  4 centaurs
  5 crocodiles (Lair:1)
  3 elf zombies (Ossuary)
  7 giant frogs
  A water moccasin skeleton (D:7)
  2 scorpions
  A wyvern skeleton (D:8)
  9 wights
  An electric eel (Lair:1)
  4 centaur zombies (Ossuary)
  7 crimson imps
  4 orc wizards
  5 human zombies (Ossuary)
  A quasit (D:7)
  Crazy Yiuf (D:7)
  4 orc priests
  2 hounds
  2 jellies
  2 centaur skeletons
  8 worker ants
  4 iguanas
  9 sheep
  4 mummies
  3 gnolls (D:8)
  19 river rats
  2 shadow imps
  27 adders
  An ooze (D:3)
  2 adder zombies
  4 worms
  15 orcs
  2 ball pythons
  7 bats
  9 giant cockroaches
  15 goblins
  6 hobgoblins
  6 quokkas
  2 giant cockroach zombies
  5 giant geckos
  5 giant newts
  A goblin skeleton (D:2)
  5 jackals
  6 kobolds
  2 orc zombies (D:7)
  15 rats
  A fungus (Lair:1)
339 creatures vanquished.

Vanquished Creatures (others)
  A fungus (Lair:1)
  A plant (Lair:1)
2 creatures vanquished.

Grand Total: 341 creatures vanquished
